Map: Cloud Kingdom LE

Players

MCMC (MC) - Winner!

  • Race: Protoss Protoss
  • Spawn Location: 1:00

MMA

  • Race: Terran Terran
  • Spawn Location: 7:00

Event: Gamers8 2023

VOD

Have the link to the VOD?

Description

Time

  • Played on: Aug. 5, 2023, 6:24 a.m.
  • Length: 7:29

All games in this series

Show
View Real Time Build Order
Export as new Build Order

MCMC Protoss - Winner!

Build Orders: 1 Gate Expand 

Get SALT Encoding   

  12  0:00  Probe  
  13  0:12  Probe  
  14  0:18  Pylon  
  14  0:24  Probe (Chrono Boost)  
  15  0:36  Probe (Chrono Boost)  
  15  0:38  Gateway  
  16  0:45  Probe (Chrono Boost)  
  16  0:46  Assimilator  
  17  0:51  Probe  
  18  1:03  Probe  
  19  1:15  Probe  
  20  1:25  Cybernetics Core  
  22  1:33  Nexus  
  22  1:39  Pylon  
  20  1:44  Probe  
  21  1:48  Assimilator  
  21  1:56  Probe  
  21  1:59  Adept (Chrono Boost)  
  22  2:05  Warp Gate  
  22  2:08  Probe  
  25  2:20  Probe  
  25  2:21  Stalker (Chrono Boost)  
  28  2:27  Shield Battery  
  28  2:35  Robotics Facility  
  27  2:47  Stalker (Chrono Boost)  
  27  2:49  Probe x2  
  31  3:02  Shield Battery  
  31  3:03  Pylon  
  31  3:08  Stalker (Chrono Boost)  
  33  3:21  Immortal (Chrono Boost)  
  37  3:29  Probe x2  
  40  3:41  Probe x2  
  41  3:53  Immortal (Chrono Boost), Probe  
  41  3:55  Probe  
  47  3:59  Sentry  
  49  4:04  Pylon  
  49  4:08  Probe x2  
  51  4:13  Pylon  
  51  4:20  Probe x2  
  51  4:23  Stalker  
  55  4:25  Observer (Chrono Boost)  
  55  4:29  Pylon  
  56  4:32  Probe  
  56  4:33  Probe  
  58  4:47  Warp Prism  
  58  4:50  Stalker  
  62  4:55  Probe x2  
  64  5:02  Gateway  
  64  5:04  Gateway  
  64  5:05  Robotics Bay  
  64  5:10  Pylon  
  64  5:12  Probe x2  
  66  5:15  Assimilator  
  66  5:20  Assimilator  
  66  5:23  Stalker  
  68  5:31  Probe x2  
  68  5:35  Pylon  
  70  5:43  Probe x2  
  72  5:54  Nexus  
  72  5:56  Pylon  
  72  5:59  Stalker x2  
  72  6:03  Stalker  
  79  6:04  Probe x2  
  79  6:10  Colossus (Chrono Boost)  
  86  6:22  Stalker x2  
  89  6:26  Stalker  
  77  6:50  Stalker x2  
  77  6:51  Stalker  
  83  6:54  Probe  
  86  7:10  Probe x2  
  86  7:17  Zealot x3  
Show
View Real Time Build Order
Export as new Build Order

MMA Terran 

Build Orders:  

Get SALT Encoding   

  12  0:00  SCV  
  13  0:12  SCV  
  14  0:17  Supply Depot  
  14  0:24  SCV  
  15  0:40  Barracks  
  15  0:43  Refinery  
  16  0:55  Barracks  
  15  0:58  SCV  
  16  1:10  SCV  
  17  1:26  Marine  
  17  1:27  Orbital Command  
  18  1:41  Supply Depot  
  18  1:44  Marine  
  19  1:47  Barracks Tech Lab  
  19  1:52  SCV  
  20  2:02  Marine  
  20  2:04  SCV  
  20  2:06  Marauder  
  20  2:07  Concussive Shells  
  24  2:16  SCV  
  24  2:21  Barracks Reactor  
  25  2:27  Marauder  
  25  2:29  SCV  
  28  2:45  Command Center  
  30  2:59  SCV  
  30  3:03  Stimpack  
  30  3:07  Supply Depot  
  30  3:11  SCV  
  30  3:13  Marine  
  31  3:22  Barracks  
  31  3:24  Engineering Bay  
  31  3:28  Marine, SCV  
  31  3:30  Marine  
  31  3:34  Marine  
  35  3:40  SCV  
  36  3:44  Supply Depot  
  36  3:48  Barracks  
  36  3:51  Marine  
  36  3:54  SCV  
  38  3:59  Terran Infantry Weapons Level 1  
  38  4:06  Marine x2  
  38  4:08  Marine  
  41  4:11  Barracks Tech Lab  
  41  4:13  SCV  
  42  4:21  Orbital Command  
  42  4:25  SCV  
  43  4:37  SCV  
  44  4:41  Factory  
  44  4:43  Marine x3  
  44  4:44  Marine  
  48  4:50  Bunker  
  48  4:51  SCV  
  48  4:52  SCV  
  49  5:02  Marine x2, Combat Shield  
  49  5:03  Marine x2  
  49  5:04  SCV  
  49  5:05  SCV  
  55  5:07  Refinery  
  55  5:11  Refinery  
  55  5:17  SCV x2  
  57  5:23  Barracks Tech Lab  
  57  5:25  Marine x3  
  60  5:31  SCV x2, Supply Depot  
  60  5:34  Starport  
  62  5:41  Factory Reactor  
  62  5:48  Supply Depot  
  62  5:49  Supply Depot  
  62  5:52  SCV x2  
  62  5:55  Marauder x2, Marine x2  
  70  6:04  Supply Depot  
  70  6:05  Supply Depot  
  70  6:11  SCV x2  
  72  6:16  Marine x2  
  67  6:34  Marine x2, SCV x2  
  67  6:36  Marauder  
  67  6:37  Marauder  
  52  6:48  Medivac x2  
  52  6:52  Marine  
  56  6:55  Marine  
  56  7:03  Marauder  
  56  7:04  Marauder  
Tags
 
Add a new tag
Caveats
  • Supply blocks, unpowered buildings, or Contaminate may cause inaccurate times.
  • Supply counts are checked every 10 seconds.